 Dungeon Crawl Stone Soup version 0.28.0-1-gb440e238dd (webtiles) character file.

Game seed: 9429710103944385073

106 issech the Cudgeller (level 4, -1/44 HPs)
             Began as a Troll Monk on Feb 25, 2022.
             Slain by a scorpion (6 damage)
             ... on level 3 of the Dungeon.
             The game lasted 00:04:08 (1462 turns).

issech the Cudgeller (Troll Monk)                   Turns: 1462, Time: 00:04:09

Health: -1/44      AC:  4    Str: 19    XL:     4   Next: 55%
Magic:  3/3        EV: 10    Int:  6    God:
Gold:   72         SH:  0    Dex: 14    Spells: 3/3 levels left

rFire   . . .      SeeInvis .   a - +0 mace
rCold   . . .      Faith    .   (no shield)
rNeg    . . .      Spirit   .   b - +0 robe
rPois   .          Reflect  .   (helmet restricted)
rElec   .          Harm     .   (no cloak)
rCorr   .          Rampage  .   (gloves unavailable)
Will    .....                   (boots unavailable)
Stlth   ++........              (no amulet)
HPRegen 0.94/turn               (no ring)
MPRegen 0.08/turn               (no ring)

@: lethally poisoned (-1 -> -2)
A: large, unfitting armour, claws 3, regeneration 1, shaggy fur 1, tough skin 1
a: no special abilities


You were on level 3 of the Dungeon.
You visited 1 branch of the dungeon, and saw 3 of its levels.

You collected 72 gold pieces.

Inventory:

Hand Weapons
 a - a +0 mace (weapon)
 p - a +0 flail
Missiles
 d - 58 stones
 h - 4 arrows
 m - 5 boomerangs (quivered)
Armour
 b - a +0 robe (worn)
Scrolls
 c - a scroll of identify {unknown}
 g - a scroll of brand weapon {unknown}
 i - a scroll of fog {unknown}
 j - a scroll of blinking {unknown}
 n - a scroll of amnesia {unknown}
 o - a scroll of enchant armour {unknown}
 q - a scroll of enchant weapon {unknown}
Potions
 e - a potion of curing {unknown}
 f - a potion of brilliance {unknown}
 k - a potion of mutation {unknown}
 l - a potion of heal wounds {unknown}


   Skills:
 + Level 2.9 Fighting
 + Level 3.8 Maces & Flails
 + Level 3.1 Dodging
 + Level 1.2 Stealth


You had 3 spell levels left.
You didn't know any spells.
Your spell library contained the following spells:

 Spells                   Type           Power      Damage    Failure   Level
 Corpse Rot               Necr/Air       0%         N/A       58%         2
 Gell's Gravitas          Tloc           0%         N/A       83%         3
 Teleport Other           Tloc           0%         N/A       83%         3
 Dispel Undead            Necr           0%         3d6       99%         4
 Death Channel            Necr           0%         N/A       100%        6
 Dispersal                Tloc           0%         N/A       100%        6


Dungeon Overview and Level Annotations

Branches:
Dungeon (3/15)

Altars:


Innate Abilities, Weirdness & Mutations

You are too large for most types of armour.
You have claws for hands.
Your natural rate of healing is unusually fast.
You are covered in fur. (AC +1)
You have tough skin. (AC +1)


Message History

Aim: a scorpion (59% to hit)
You throw a boomerang.
The boomerang closely misses the scorpion.
Throw: 5 boomerangs
Press: ? - help, Q - select action, (/) - cycle Shift-Dir - straight line, f/p - scorpion
Aim: a scorpion (59% to hit)
Okay, then.
You thump the scorpion!
The scorpion is heavily wounded.
The scorpion stings you!
You barely miss the scorpion.
The scorpion is heavily wounded.
The scorpion barely misses you.
You hit the scorpion.
The scorpion is almost dead.
The scorpion stings you!
You are poisoned.
The scorpion poisons you! The scorpion misses you.
You hit the scorpion but do no damage.
The scorpion is almost dead.
You feel very sick. The scorpion stings you!
You barely miss the scorpion.
The scorpion is almost dead.
You feel sick. The scorpion stings you.
You are more poisoned.
The scorpion poisons you! The scorpion barely misses you.
You closely miss the scorpion.
The scorpion is almost dead.
You feel very sick. The scorpion barely misses you.
You feel very sick. The scorpion stings you.
* * * LOW HITPOINT WARNING * * *
You feel sick.
You feel sick.
You hit the scorpion. Your claw misses the scorpion.
The scorpion is almost dead.
You feel sick. The scorpion closely misses you. The scorpion stings you.
You die...

....###.............
....................
#####$............
#.................#
#.###..#..........#
#....#..........#
#.#.>...........#
#......#.#......#
#.....@s.#......#
#..#.#.###......#
#.##.#.....############
#....#.................
#.#######.###############
#.........# ###########


You could see a scorpion.

Vanquished Creatures
  Jessica (D:2)
  3 adders (D:2)
  A worm (D:2)
  3 orcs (D:2)
  3 ball pythons
  4 endoplasms
  3 giant cockroaches
  3 goblins
  6 hobgoblins
  3 jackals (D:3)
  A quokka (D:1)
  2 bats (D:1)
  6 kobolds
  7 rats
46 creatures vanquished.

Notes
Turn   | Place    | Note
-------+----------+-------------------------------------------
     0 | D:1      | issech the Troll Monk began the quest for the Orb.
     0 | D:1      | Reached XP level 1. HP: 22/22 MP: 0/0
    38 | D:1      | Noticed an eye of devastation
   182 | D:1      | Reached XP level 2. HP: 29/29 MP: 1/1
   385 | D:1      | Found a faded altar of an unknown god.
   387 | D:1      | Noticed a shining eye
   391 | D:1      | Noticed a floating eye
   391 | D:1      | Noticed a great orb of eyes
   760 | D:2      | Reached XP level 3. HP: 29/36 MP: 2/2
   954 | D:2      | Noticed Jessica
   959 | D:2      | Killed Jessica
   960 | D:2      | Reached XP level 4. HP: 44/44 MP: 3/3
  1444 | D:3      | Noticed a scorpion
  1462 | D:3      | Slain by a scorpion

Illustrated notes

Levels and vault maps discovered:
D:1:      grunt_arrival_crossed_arrows, layout_loops_ring,
          hellmonk_ecumenical_altar_watching_god
D:2:      layout_rooms, minivault_14, grunt_ministairs_14, uniq_jessica
D:3:      layout_basic, small_statue_intersection, uniq_ijyb

Skill      XL: |  1  2  3 |
---------------+----------+-----
Maces & Flails | 3 |  3.8
Dodging        | 3 |  3.1
Fighting       | |  2.9
Stealth        | |  1.2

Action                   |  1- 3 |  4- 6 || total
-------------------------+-------+-------++-------
Melee: Mace              |   113 |    48 ||   161
       Punch             |     1 |     2 ||     3
Throw: Boomerang         |       |     1 ||     1
 Stab: Sleeping          |     1 |     1 ||     2
Armor: Robe              |    48 |    23 ||    71
Dodge: Dodged            |    56 |    37 ||    93
